 Dungeon Crawl Stone Soup version 0.29.0-4-gdea44cf6ec (webtiles) character file.

Game seed: 12418315576820764718

522 qw the Chopper (level 7, 0/41 HPs)
             Began as a Tengu Warper on Aug 28, 2022.
             Was a Follower of Okawaru.
             Slain by a centaur (2 damage)
             ... on level 5 of the Dungeon.
             The game lasted 00:00:27 (4675 turns).

qw the Chopper (Tengu Warper)                       Turns: 4675, Time: 00:00:28

Health: 0/41       AC: 11    Str: 13    XL:     7   Next: 22%
Magic:  9/11       EV: 15    Int: 13    God:    Okawaru [*.....]
Gold:   196        SH:  0    Dex: 18    Spells: 10/10 levels left

rFire   . . .      SeeInvis .   i - +0 war axe
rCold   . . .      Faith    .   (no shield)
rNeg    . . .      Spirit   .   e - +4 scale mail of Lifelessness {Fly rCorr Dex+4}
rPois   .          Reflect  .   (helmet restricted)
rElec   .          Harm     .   (no cloak)
rCorr   +          Rampage  .   (no gloves)
Will    .....                   (boots unavailable)
Stlth   ++........              (no amulet)
HPRegen 0.13/turn               (no ring)
MPRegen 0.12/turn               (no ring)

@: heroic, flying quickly and evasively, quick
A: beak, talons 3, nimble flight
a: Renounce Religion, Heroism


You were on level 5 of the Dungeon.
You worshipped Okawaru.
Okawaru was aware of your devotion.
You visited 2 branches of the dungeon, and saw 6 of its levels.

You collected 215 gold pieces.
You spent 19 gold pieces at shops.


Innate Abilities, Weirdness & Mutations

You have a beak for a mouth.
You have claws for feet.
Your magical nature lets you fly swiftly and evasively.


   Skills:
 - Level 3.6(8.6) Fighting
 + Level 7.3(12.3) Axes
 - Level 1.0(6.0) Throwing
 - Level 1.6(6.6) Armour
 - Level 2.1(7.1) Dodging
 - Level 2.0 Spellcasting
 - Level 2.4 Translocations
 + Level 1.3 Invocations


You had 10 spell levels left.
You didn't know any spells.
Your spell library contained the following spells:

 Spells                   Type           Power      Damage    Failure   Level
 Blink                    Tloc           14%        N/A       50%         2
 Gell's Gravitas          Tloc           7%         N/A       75%         3
 Lesser Beckoning         Tloc           7%         N/A       75%         3
 Teleport Other           Tloc           7%         N/A       75%         3
 Manifold Assault         Tloc           7%         N/A       100%        5

Inventory:

Hand Weapons
 i - a +0 war axe (weapon)
 Y - a +0 hand axe of flaming
Missiles
 j - 4 javelins (quivered)
 l - 3 boomerangs
Armour
 e - the +4 scale mail of Lifelessness (worn) {Fly rCorr Dex+4}
   (You took it off a goblin on level 4 of the Dungeon)

   Dex:       It affects your dexterity (+4).
   Fly:       It grants you flight.
   rCorr:     It protects you from acid and corrosion.
Scrolls
 c - a scroll of enchant armour
 g - a scroll of identify
Potions
 a - a potion of flight {unknown}
 f - a potion of magic {unknown}
 h - a potion of lignification {unknown}
 k - a potion of attraction {unknown}

Dungeon Overview and Level Annotations

Branches:
Dungeon (5/15)             Temple (1/1) D:4

Altars:
Ashenzari
Cheibriados
Dithmenos
Fedhas
Gozag
Kikubaaqudgha
Nemelex Xobeh
Okawaru
Ru
Sif Muna
Trog
Vehumet
Wu Jian
Xom
Yredelemnul
Zin
The Shining One

Shops:
D:1 (


Message History

Existing waypoints: (1) D:4 (2) D:3 Assign waypoint to what number? (0-9, D - delete waypoint) Waypoint 2 re-assigned from D:3 to D:5.
You now have 196 gold pieces (gained 13).
There is a stone staircase leading up here.
A centaur comes into view.
The centaur shouts!
The centaur wields a +0 shortbow.
The centaur shoots an arrow.
The arrow hits you.
4665 ||| Stepping ~*~*~tactically~*~*~ (hiding).
The centaur shoots an arrow.
The arrow hits you but does no damage.
The centaur shoots an arrow.
The arrow closely misses you.
Found an escape hatch in the floor.
The centaur shoots an arrow.
The arrow hits you!
4668 ||| INVOKING Heroism.
You gain the combat prowess of a mighty hero.
The centaur shoots an arrow.
The arrow hits you.
The centaur shoots an arrow.
The arrow barely misses you.
The centaur shoots an arrow.
The arrow hits you.
The centaur shoots an arrow.
The arrow hits you.
The centaur shoots an arrow.
The arrow hits you!
You hit the centaur but do no damage. You claw the centaur.
The centaur is lightly wounded.
The centaur unwields a +0 shortbow.
The centaur hits you. The centaur barely misses you.
You hit the centaur. Your kick misses the centaur.
Your peck misses the centaur.
The centaur is lightly wounded.
The centaur hits you. The centaur kicks you.
You barely miss the centaur. You claw the centaur.
You peck the centaur, but do no damage.
The centaur is lightly wounded.
The centaur hits you but does no damage.
The centaur barely misses you.
The centaur hits you but does no damage.
The centaur kicks you but does no damage.
You hit the centaur. Your kick misses the centaur.
The centaur is moderately wounded.
The centaur hits you. The centaur kicks you.
You die...

#..# #..#
#..# #.<#
######.#
#......#
#......####
#.........#
#.....@####
#.....c#
#......#
#......#
#..>...#
########


You could see a centaur.

Vanquished Creatures
  An ogre (D:4)
  A phantom (D:4)
  A scorpion (D:4)
  A necrophage (D:4)
  2 hounds
  6 gnolls (D:3)
  4 adders
  4 worms
  6 dart slugs
  10 ball pythons
  5 endoplasms
  A giant cockroach (D:4)
  5 hobgoblins
  9 jackals
  3 kobolds
  6 quokkas
  6 bats
  4 frilled lizards
  5 goblins
  7 rats
87 creatures vanquished.

Notes
Turn   | Place    | Note
-------+----------+-------------------------------------------
     0 | D:1      | qw the Tengu Warper began the quest for the Orb.
     0 | D:1      | Reached XP level 1. HP: 12/12 MP: 4/4
     0 | D:1      | 0 ||| qw: Version: 0.1-a-89-g26bdef1
     0 | D:1      | 0 ||| qw: Game counter: 870
     0 | D:1      | 0 ||| qw: Always use a shield: true
     0 | D:1      | 0 ||| qw: God list: Okawaru
     0 | D:1      | 0 ||| qw: Allow faded altars: false
     0 | D:1      | 0 ||| qw: Do Orc after D:15 true
     0 | D:1      | 0 ||| qw: Do second Lair branch before Depths: true
     0 | D:1      | 0 ||| qw: Lair rune preference: random
     0 | D:1      | 0 ||| qw: Plans: Normal
     0 | D:1      | 0 ||| PLANNING D:1-11
   242 | D:1      | Reached XP level 2. HP: 17/17 MP: 6/6
   242 | D:1      | Found a faded altar of an unknown god.
   245 | D:1      | Noticed a golden eye
   246 | D:1      | Noticed an eye of devastation
   246 | D:1      | Noticed a shining eye
   246 | D:1      | Noticed a great orb of eyes
   247 | D:1      | 247 ||| READING scroll labelled GIECLA YSK.
   248 | D:1      | 248 ||| READING scroll labelled BESHRA TINE.
   249 | D:1      | 249 ||| READING scroll labelled CECYMPEMYN.
   250 | D:1      | 250 ||| DROPPING scroll of blinking.
   251 | D:1      | 251 ||| Stepping randomly (stuck).
   252 | D:1      | 252 ||| Stepping randomly (stuck).
   256 | D:1      | Reached skill level 3 in Axes
   596 | D:1      | Found Gucsi's Antique Weapon Emporium.
   605 | D:1      | 605 ||| BUYING club (19 gold).
   605 | D:1      | Bought a club for 19 gold pieces
   605 | D:1      | 605 ||| SHOPLISTING flail (66 gold, have 36).
   605 | D:1      | 605 ||| SHOPLISTING whip (47 gold, have 36).
   682 | D:1      | 682 ||| Stepping ~*~*~tactically~*~*~ (stealth).
   695 | D:1      | 695 ||| Stepping ~*~*~tactically~*~*~ (stealth).
   722 | D:1      | Reached XP level 3. HP: 21/21 MP: 7/7
   922 | D:1      | 922 ||| UPGRADING to +0 ring mail.
   932 | D:1      | 932 ||| DROPPING +0 leather armour.
   933 | D:1      | 933 ||| READING 3 scrolls labelled QISOEFAGERCH.
   937 | D:1      | 937 ||| READING scroll labelled MOOWECW GIWOMI.
   938 | D:1      | 938 ||| DROPPING +0 club.
   939 | D:1      | 939 ||| READING scroll labelled MOLIXIFUWAGH.
   940 | D:1      | 940 ||| READING 2 scrolls of teleportation.
  1075 | D:2      | Reached skill level 4 in Axes
  1330 | D:2      | 1330 ||| Stepping ~*~*~tactically~*~*~ (stealth).
  1331 | D:2      | 1331 ||| Stepping ~*~*~tactically~*~*~ (stealth).
  1339 | D:2      | 1339 ||| Stepping ~*~*~tactically~*~*~ (stealth).
  1531 | D:2      | Reached XP level 4. HP: 26/26 MP: 8/8
  1905 | D:2      | Reached skill level 5 in Axes
  2106 | D:2      | 2106 ||| READING scroll labelled DAORUO DOPENE.
  2194 | D:3      | 2194 ||| Stepping ~*~*~tactically~*~*~ (stealth).
  2198 | D:3      | 2198 ||| Stepping ~*~*~tactically~*~*~ (stealth).
  2200 | D:3      | 2200 ||| Stepping ~*~*~tactically~*~*~ (stealth).
  2203 | D:3      | 2203 ||| FLEEEEING.
  2204 | D:3      | 2204 ||| FLEEEEING.
  2205 | D:3      | 2205 ||| FLEEEEING.
  2206 | D:3      | 2206 ||| FLEEEEING.
  2207 | D:3      | 2207 ||| FLEEEEING.
  2208 | D:3      | 2208 ||| FLEEEEING.
  2210 | D:3      | 2210 ||| FLEEEEING.
  2211 | D:3      | 2211 ||| FLEEEEING.
  2212 | D:3      | 2212 ||| FLEEEEING.
  2213 | D:3      | 2213 ||| FLEEEEING.
  2214 | D:3      | 2214 ||| STAIRDANCE
  2283 | D:3      | 2283 ||| STAIRDANCE
  2378 | D:3      | 2378 ||| Stepping ~*~*~tactically~*~*~ (stealth).
  2385 | D:3      | Gained mutation: Your magical nature lets you fly swiftly
                  | and evasively. [Tengu growth]
  2385 | D:3      | Reached XP level 5. HP: 30/30 MP: 9/9
  2387 | D:3      | 2387 ||| Stepping ~*~*~tactically~*~*~ (stealth).
  2388 | D:3      | 2388 ||| Stepping ~*~*~tactically~*~*~ (stealth).
  2389 | D:3      | 2389 ||| Stepping ~*~*~tactically~*~*~ (stealth).
  2487 | D:3      | 2487 ||| SWAPPING to +0 war axe.
  2496 | D:3      | Identified the +12 spear of Interdependent Arising {freeze,
                  | Dex+3}
  2538 | D:3      | HP: 6/30 [hound (5)]
  2539 | D:3      | 2539 ||| READING 2 scrolls of teleportation.
  2541 | D:3      | Reached skill level 6 in Axes
  2933 | D:3      | Identified the +7 sling of Anxiety {speed, rC+++ Will++
                  | rCorr Stlth-}
  3121 | D:3      | 3121 ||| UPGRADING to +0 chain mail.
  3131 | D:3      | 3131 ||| DROPPING +0 ring mail.
  3167 | D:4      | 3167 ||| Stepping ~*~*~tactically~*~*~ (hiding).
  3169 | D:4      | 3169 ||| Stepping ~*~*~tactically~*~*~ (hiding).
  3288 | D:4      | 3288 ||| FLEEEEING.
  3289 | D:4      | 3289 ||| FLEEEEING.
  3293 | D:4      | 3293 ||| FLEEEEING.
  3294 | D:4      | 3294 ||| FLEEEEING.
  3295 | D:4      | 3295 ||| FLEEEEING.
  3296 | D:4      | 3296 ||| STAIRDANCE
  3355 | D:4      | 3355 ||| STAIRDANCE
  3414 | D:4      | 3414 ||| Stepping ~*~*~tactically~*~*~ (hiding).
  3414 | D:4      | Found a staircase to the Ecumenical Temple.
  3415 | D:4      | 3415 ||| PLANNING TEMPLE
  3415 | D:4      | Identified the +4 scale mail of Lifelessness {Fly rCorr
                  | Dex+4}
  3428 | D:4      | 3428 ||| Stepping ~*~*~tactically~*~*~ (stealth).
  3429 | D:4      | 3429 ||| Stepping ~*~*~tactically~*~*~ (stealth).
  3447 | D:4      | 3447 ||| FLEEEEING.
  3569 | Temple   | Entered the Ecumenical Temple
  3586 | Temple   | Became a worshipper of Warmaster Okawaru
  3649 | Temple   | 3649 ||| PLANNING D:1-11
  3649 | Temple   | 3649 ||| UPGRADING to +4 scale mail of Lifelessness {Fly
                  | rCorr Dex+4}.
  3659 | Temple   | 3659 ||| DROPPING +0 chain mail.
  3748 | D:4      | Noticed an ogre
  3751 | D:4      | 3751 ||| Stepping ~*~*~tactically~*~*~ (stealth).
  3754 | D:4      | HP: 3/30 [ogre/+0 giant club (27)]
  3755 | D:4      | 3755 ||| READING scroll of teleportation.
  3756 | D:4      | Killed an ogre
  3757 | D:4      | Reached skill level 7 in Axes
  3757 | D:4      | Reached XP level 6. HP: 4/35 MP: 10/10
  4050 | D:4      | Found an opulent altar of Gozag.
  4079 | D:4      | Reached * piety under Okawaru
  4080 | D:4      | Reached skill level 3 in Fighting
  4090 | D:4      | Reached XP level 7. HP: 41/41 MP: 11/11
  4224 | D:4      | Found a faded altar of an unknown god.
  4224 | D:4      | Found a faded altar of an unknown god.
  4232 | D:4      | Found a sacrificial altar of Ru.
  4234 | D:4      | Found a broken altar of Ashenzari.
  4236 | D:4      | Found a shimmering altar of Xom.
  4302 | D:4      | 4302 ||| INVOKING Heroism.
  4305 | D:4      | Reached skill level 1 in Invocations
  4647 | D:4      | 4647 ||| Stepping randomly (stuck).
  4660 | D:5      | Entered Level 5 of the Dungeon
  4665 | D:5      | 4665 ||| Stepping ~*~*~tactically~*~*~ (hiding).
  4668 | D:5      | 4668 ||| INVOKING Heroism.
  4673 | D:5      | HP: 6/41 [centaur (5)]
  4675 | D:5      | HP: 2/41 [centaur (2)]
  4675 | D:5      | Slain by a centaur

Levels and vault maps discovered:
D:1:      sevenhm_arrival_forest_fort_small_3, layout_rooms,
          hellmonk_ecumenical_altar_watching_god, serial_shops, shop
D:2:      layout_basic, minmay_tetromino_t4
D:3:      layout_rooms
D:4:      layout_rooms, chequers_temple_overflow_minitemple, old_standard_altar,
          minmay_temple_entry_drinking_statues, minmay_checkerbox
D:5:      layout_basic, kennysheep_donut, kennysheep_generic_room_11
Temple:   dshaligram_water_room_temple

Skill      XL: |  1  2  3  4  5  6  7 |
---------------+----------------------+-----
Axes           | 3 4 5 7 |  7.3
Fighting       | 3 |  3.6
Invocations    | 1 |  1.3
Throwing       | |  1.0
Armour         | |  1.6
Dodging        | |  2.1
Spellcasting   | |  2.0
Translocations | |  2.4

Action                   |  1- 3 |  4- 6 |  7- 9 || total
-------------------------+-------+-------+-------++-------
Melee: Hand axe          |    57 |    35 |       ||    92
       Kick              |    14 |    26 |     5 ||    45
       Peck              |     7 |    16 |     2 ||    25
       Punch             |     1 |       |     1 ||     2
       War axe           |       |    72 |    19 ||    91
Throw: Boomerang         |     7 |     1 |     1 ||     9
       Javelin           |    11 |    45 |     4 ||    60
Invok: Heroism           |       |       |     2 ||     2
  Use: Scroll            |     7 |     3 |       ||    10
Armor: Leather armour    |    11 |       |       ||    11
       Ring mail         |     7 |    14 |       ||    21
       Chain mail        |       |    17 |       ||    17
       Scale mail        |       |     4 |     9 ||    13
Dodge: Dodged            |    24 |    45 |    13 ||    82

Table legend:
 A = Non-vault XP
 B = Vault XP
 C = Vault XP percentage of total XP
 D = Non-vault monster count
 E = Vault monster count
 F = Vault count percentage of total count
                 A         B        C        D         E       F
            +---------+---------+-------+---------+---------+-------
      Total |     730 |      16 |   2.1 |      81 |       6 |   6.9
            +---------+---------+-------+---------+---------+-------
        D:1 |      40 |       0 |   0.0 |      23 |       0 |   0.0
        D:2 |      71 |       3 |   4.1 |      25 |       2 |   7.4
        D:3 |     167 |       0 |   0.0 |      21 |       0 |   0.0
        D:4 |     452 |      13 |   2.8 |      12 |       4 |  25.0
            +---------+---------+-------+---------+---------+-------
